 Dungeon Sprint DCSS version 0.21.1-1-g345015f (webtiles) character file.

422 rlgrobin the Spear-Bearer (level 6, -14/56 HPs)
             Began as a Gnoll Chaos Knight on May 31, 2018.
             Demolished by a death cob (20 damage)
             ... in the Dungeon (Sprint V: "Ziggurat Sprint").
             The game lasted 00:04:14 (137 turns).

rlgrobin the Spear-Bearer (Gnoll Chaos Knight)       Turns: 137, Time: 00:04:15

Health: -14/56     AC: 16    Str: 22    XL:     6   Next: 95%
Magic:  11/13      EV: 14    Int: 14    God:    Xom [..*...]
Gold:   0          SH:  0    Dex: 21    Spells: 14/14 levels left

rFire    x . .     SeeInvis .   b - +5 lajatang (slice)
rCold    + + .     Gourm    .   (shield currently unavailable)
rNeg     . . .     Faith    .   D - +5 ice dragon scales
rPois    .         Spirit   .   (no helmet)
rElec    .         Reflect  .   (no cloak)
rCorr    .         Harm     .   (no gloves)
MR       .....     NoTele   +   (no boots)
Stlth    ++........             (no amulet)
HPRegen  0.18/turn              n - +6 ring of dexterity
MPRegen  0.13/turn              o - +6 ring of strength

@: berserk cooldown, very slightly contaminated, slowed, invisible, very slow
A: distributed training, fangs 1, strong nose
a: Renounce Religion


You were in the Dungeon.
You worshipped Xom.
You were a toy of Xom.
You were not hungry.

You visited 1 branch


Innate Abilities, Weirdness & Mutations

Your experience applies equally to all skills.
You have very sharp teeth.
Your uncanny sense of smell can sniff out nearby items.


   Skills:
 + Level 8.3 Fighting
 + Level 4.9 Short Blades
 + Level 4.9 Long Blades
 + Level 4.9 Axes
 + Level 4.9 Maces & Flails
 + Level 8.3 Polearms
 + Level 4.9 Staves
 + Level 4.9 Slings
 + Level 4.9 Bows
 + Level 4.9 Crossbows
 + Level 4.9 Throwing
 + Level 6.8 Armour
 + Level 5.6 Dodging
 + Level 4.9 Stealth
 + Level 4.9 Shields
 + Level 4.9 Unarmed Combat
 + Level 4.9 Spellcasting
 + Level 4.0 Conjurations
 + Level 4.0 Hexes
 + Level 4.0 Charms
 + Level 4.0 Summonings
 + Level 4.0 Necromancy
 + Level 4.0 Translocations
 + Level 4.0 Transmutations
 + Level 4.0 Fire Magic
 + Level 4.0 Ice Magic
 + Level 4.0 Air Magic
 + Level 4.0 Earth Magic
 + Level 4.0 Poison Magic
 + Level 5.4 Invocations
 + Level 4.9 Evocations


You had 14 spell levels left.
You didn't know any spells.

Inventory:

Hand Weapons
 b - a +5 lajatang of slicing (weapon)
 k - the -2 mace of Variability {chaos} Each time it hits an enemy it has a different, random effect.
Armour
 y - +5 fire dragon scales
 C - +5 gold dragon scales
 D - +5 ice dragon scales (worn)
 E - +5 storm dragon scales
Magical Staves
 F - an uncursed staff of death
Jewellery
 n - a +6 ring of dexterity (left hand)
 o - a +6 ring of strength (right hand)
 G - the ring of the Mage {Wiz MR++ Int+3}

   [ring of wizardry]

   It improves your spell success rate.
   It affects your intelligence (+3).
   It affects your resistance to hostile enchantments.
Wands
 j - a wand of acid (7)
 l - a wand of disintegration (7)
 m - a wand of iceblast (7)
Scrolls
 i - 4 scrolls of blinking
 p - 4 scrolls of amnesia
 q - 7 scrolls of fog
 r - a scroll of holy word
 s - 5 scrolls of identify {@r1}
 t - 5 scrolls of remove curse
 u - 2 scrolls of fear
Potions
 d - 9 potions of curing {@q1}
 e - 9 potions of heal wounds {@q2}
 f - 6 potions of haste {@q3}
 g - 7 potions of magic
 h - 2 potions of berserk rage {!q}
 v - 5 potions of agility
 w - 2 potions of brilliance
 x - a potion of experience
 z - 2 potions of invisibility
 A - 5 potions of might
 B - 4 potions of resistance
Miscellaneous
 a - a lightning rod (4/4) {!a}
 H - a sack of spiders
Comestibles
 c - 7 rations

Dungeon Overview and Level Annotations

Branches:
Dungeon (1/1)

Altars:
Ashenzari
Cheibriados
Dithmenos
Elyvilon
Fedhas
Gozag
Hepliaklqana
Kikubaaqudgha
Makhleb
Nemelex Xobeh
Okawaru
Qazlal
Ru
Sif Muna
Trog
Uskayaw
Vehumet
Wu Jian
Xom
Yredelemnul
Zin
The Shining One
Beogh
Jiyva
Lugonu

Annotations:
D 1 transporter

▓.....▓.....▓..©..▓
▓..©..▓..©.†▓▓▓▓▓▓▓
▓▓▓▓▓▓▓▓▓▓▓▓▓▓
▓..8©8...▓
▓..=::...▓ ∆∆∆
▓........▓ ∆ ∆
▓........▓
▓..dzd...▓ ∆
▓...dg...▓ ∆
▓...©....▓
▓▓▓▓▓▓▓▓▓▓ ∆∆∆∆ ∆∆∆


You could see a death cob and 3 draconians.


Message History

You miss the death cob! Your bite misses the death cob!
The death cob is almost destroyed!
The death cob closely misses you!
The death cob hits you but does no damage!
The death cob closely misses you!
You carve the death cob like a ham!!!
The death cob is almost destroyed!
The death cob hits you but does no damage!
The death cob closely misses you! The draconian hits you! * * * don't die
* * * The death cob hits you!!! * * * don't die
* * * Xom is highly amused!!!
The death cob drains your vigour!!!
You feel as though you will be slow longer!
You take 15 damage, and have 3/84 hp!
You are no longer berserk!
You are exhausted!
You feel as though you will be slow longer!
The death cob barely misses you!
You now have 2/56 hp!
You feel much better!
The death cob hits you!!!!!! * * * don't die
* * * Xom thinks this is hilarious!!!
The death cob drains your vigour!!!
You feel as though you will be slow longer!
The death cob hits you but does no damage!
The death cob hits you!!!!!! rip Xom howls with laughter!!!

Action                   |  1- 3 |  4- 6 || total
-------------------------+-------+-------++-------
Melee: Great mace        |     2 |    22 ||    24
       Lajatang          |       |     8 ||     8
       Bite              |       |     3 ||     3
  Use: Potion            |       |     3 ||     3
       Scroll            |       |     1 ||     1
 Stab: Invisible         |     2 |     5 ||     7
Armor: Ice dragon scales |     2 |    19 ||    21
Dodge: Dodged            |     2 |    54 ||    56

Vault maps used:
D:        sprint_v

Notes
Turn   | Place    | Note
-------+----------+-------------------------------------------
     0 | D        | Found the +6 Majin-Bo {vamp, Archmagi MP+6 Int+6}
     0 | D        | Found the +7 great mace "Firestarter" {inner flame, rF++}
     0 | D        | rlgrobin the Gnoll Chaos Knight began the quest for the Orb.
     0 | D        | Reached XP level 1. HP: 23/23 MP: 1/1
     0 | D        | Found a blossoming altar of Fedhas.
     1 | D        | Found a transporter.
     1 | D        | Found a viscous altar of Jiyva.
     1 | D        | Found an ancient bone altar of Kikubaaqudgha.
     1 | D        | Found a hazy altar of Hepliaklqana.
     1 | D        | Found a corrupted altar of Lugonu.
     1 | D        | Found an opulent altar of Gozag.
     1 | D        | Found a burning altar of Makhleb.
     3 | D        | Found a stormy altar of Qazlal.
     3 | D        | Found a sacrificial altar of Ru.
     3 | D        | Found an iron altar of Okawaru.
     3 | D        | Found a deep blue altar of Sif Muna.
     3 | D        | Found a sparkling altar of Nemelex Xobeh.
     3 | D        | Found a bloodstained altar of Trog.
     7 | D        | Found the +9 heavy crossbow "Sniper" {velocity, Acc+∞ SInv}
     7 | D        | Found the +10 dark maul {crush}
     7 | D        | Found the +15 Maxwell's patent armour {-Cast -Tele rElec MR+ rCorr}
     7 | D        | Found the +18 shield of the Gong {rElec rN+ MR+ EV-5}
     7 | D        | Found the cursed +14 obsidian axe {chop, +Fly SInv *Curse}
     9 | D        | Found the +6 shillelagh "Devastator" {shatter}
     9 | D        | Found the +11 plutonium sword {*Contam Stlth-}
     9 | D        | Found the +8 lance "Wyrmbane" {slay drac, rPois rF+ rC+ AC+3}
     9 | D        | Found the +9 sword of Zonguldrok {reap}
     9 | D        | Found the cursed +13 scythe of Curses {drain, *Curse}
     9 | D        | Found the +0 sword of Power
     9 | D        | Found the +6 mace of Variability {chaos}
     9 | D        | Found the +7 Singing Sword
     9 | D        | Found the +7 longbow "Piercer" {penet, EV-2}
    67 | D        | Entered arena 2.
    67 | D        | Noticed a water moccasin
    67 | D        | Noticed a water moccasin
    67 | D        | XOM: potion effect (invisibility)
    67 | D        | Found a transporter.
    68 | D        | Found the ring of the Mage {Wiz MR++ Int+3}
    69 | D        | Killed a water moccasin
    69 | D        | Reached skill level 7 in Fighting
    69 | D        | Reached skill level 3 in Short Blades
    69 | D        | Reached skill level 3 in Long Blades
    69 | D        | Reached skill level 3 in Axes
    69 | D        | Reached skill level 3 in Maces & Flails
    69 | D        | Reached skill level 7 in Polearms
    69 | D        | Reached skill level 3 in Staves
    69 | D        | Reached skill level 3 in Slings
    69 | D        | Reached skill level 3 in Bows
    69 | D        | Reached skill level 3 in Crossbows
    69 | D        | Reached skill level 3 in Throwing
    69 | D        | Reached skill level 5 in Armour
    69 | D        | Reached skill level 4 in Dodging
    69 | D        | Reached skill level 3 in Stealth
    69 | D        | Reached skill level 3 in Shields
    69 | D        | Reached skill level 3 in Unarmed Combat
    69 | D        | Reached skill level 3 in Spellcasting
    69 | D        | Reached skill level 2 in Conjurations
    69 | D        | Reached skill level 2 in Hexes
    69 | D        | Reached skill level 2 in Charms
    69 | D        | Reached skill level 2 in Summonings
    69 | D        | Reached skill level 2 in Necromancy
    69 | D        | Reached skill level 2 in Translocations
    69 | D        | Reached skill level 2 in Transmutations
    69 | D        | Reached skill level 2 in Fire Magic
    69 | D        | Reached skill level 2 in Ice Magic
    69 | D        | Reached skill level 2 in Air Magic
    69 | D        | Reached skill level 2 in Earth Magic
    69 | D        | Reached skill level 2 in Poison Magic
    69 | D        | Reached skill level 3 in Invocations
    69 | D        | Reached skill level 3 in Evocations
    69 | D        | Reached XP level 2. HP: 31/31 MP: 1/6
    69 | D        | Reached XP level 3. HP: 36/36 MP: 1/7
    69 | D        | Reached XP level 4. HP: 43/43 MP: 1/8
    73 | D        | Killed a water moccasin
    73 | D        | Reached skill level 6 in Armour
    73 | D        | Reached skill level 3 in Conjurations
    73 | D        | Reached skill level 3 in Hexes
    73 | D        | Reached skill level 3 in Charms
    73 | D        | Reached skill level 3 in Summonings
    73 | D        | Reached skill level 3 in Necromancy
    73 | D        | Reached skill level 3 in Translocations
    73 | D        | Reached skill level 3 in Transmutations
    73 | D        | Reached skill level 3 in Fire Magic
    73 | D        | Reached skill level 3 in Ice Magic
    73 | D        | Reached skill level 3 in Air Magic
    73 | D        | Reached skill level 3 in Earth Magic
    73 | D        | Reached skill level 3 in Poison Magic
    73 | D        | Reached skill level 4 in Invocations
    73 | D        | Reached XP level 5. HP: 40/49 MP: 1/10
    84 | D        | Entered arena 3.
    84 | D        | Noticed a water moccasin
    84 | D        | Found a transporter.
    87 | D        | Killed a water moccasin
    87 | D        | Reached skill level 8 in Fighting
    87 | D        | Reached skill level 4 in Short Blades
    87 | D        | Reached skill level 4 in Long Blades
    87 | D        | Reached skill level 4 in Axes
    87 | D        | Reached skill level 4 in Maces & Flails
    87 | D        | Reached skill level 8 in Polearms
    87 | D        | Reached skill level 4 in Staves
    87 | D        | Reached skill level 4 in Slings
    87 | D        | Reached skill level 4 in Bows
    87 | D        | Reached skill level 4 in Crossbows
    87 | D        | Reached skill level 4 in Throwing
    87 | D        | Reached skill level 5 in Dodging
    87 | D        | Reached skill level 4 in Stealth
    87 | D        | Reached skill level 4 in Shields
    87 | D        | Reached skill level 4 in Unarmed Combat
    87 | D        | Reached skill level 4 in Spellcasting
    87 | D        | Reached skill level 4 in Evocations
    87 | D        | Reached XP level 6. HP: 54/56 MP: 3/12
    88 | D        | Reached skill level 5 in Invocations
   101 | D        | Entered arena 4.
   101 | D        | Noticed a necrophage
   101 | D        | Found a transporter.
   109 | D        | Killed a necrophage
   109 | D        | Reached skill level 4 in Conjurations
   109 | D        | Reached skill level 4 in Hexes
   109 | D        | Reached skill level 4 in Charms
   109 | D        | Reached skill level 4 in Summonings
   109 | D        | Reached skill level 4 in Necromancy
   109 | D        | Reached skill level 4 in Translocations
   109 | D        | Reached skill level 4 in Transmutations
   109 | D        | Reached skill level 4 in Fire Magic
   109 | D        | Reached skill level 4 in Ice Magic
   109 | D        | Reached skill level 4 in Air Magic
   109 | D        | Reached skill level 4 in Earth Magic
   109 | D        | Reached skill level 4 in Poison Magic
   123 | D        | Entered arena 5.
   123 | D        | Noticed a death cob
   123 | D        | Noticed a draconian
   123 | D        | Noticed a draconian
   123 | D        | Noticed a draconian
   123 | D        | Found a transporter.
   127 | D        | XOM: potion effect (invisibility)
   135 | D        | HP: 3/84 [death cob (12)]
   137 | D        | Demolished by a death cob

Vanquished Creatures
  3 water moccasins (D)
  A necrophage (D)
  An adder (D)
  2 adder zombies (D)
  A ball python (D)
  A leopard gecko skeleton (D)
9 creatures vanquished.
